 Dungeon Crawl Stone Soup version 0.18.1-48-g4cf74bf (webtiles) character file.

53517 Arkorax the Carver (level 14, 114/126 HPs)
             Began as a Centaur Berserker on May 23, 2016.
             Was a High Priest of Trog.
             Quit the game on level 11 of the Dungeon on Aug 22, 2016.
             The game lasted 00:33:09 (21539 turns).

Arkorax the Carver (Centaur Berserker)             Turns: 21539, Time: 00:33:10

Health: 114/126    AC: 18    Str: 24    XL:     14   Next: 31%
Magic:  18/18      EV:  5    Int:  6    God:    Trog [*****.]
Gold:   1324       SH:  5    Dex: 10    Spells: 0 memorised, 13 levels left

rFire  + . .     SeeInvis +     r - +7 demon blade (vamp)
rCold  + . .     Gourm    .     S - +3 plate armour
rNeg   . . .     Faith    .     p - +0 buckler
rPois  +         Spirit   .     I - +1 helmet
rElec  +         Dismiss  .     s - +2 cloak {rPois}
rCorr  .         Reflect  .     E - +0 pair of gloves
SustAt .         Harm     .     (no barding)
MR     +....                    (no amulet)
Stlth  ..........               C - ring of poison resistance
                                J - ring of see invisible

@: corroded, very quick, somewhat resistant to hostile enchantments, extremely
unstealthy
A: hooves 3, yellow scales 1, cold resistance 1, deformed body, fire resistance
1, speed 2, electricity resistance, tough skin 3, MP-powered wands
a: Berserk, Trog's Hand, Brothers in Arms, Burn Spellbooks, Renounce Religion


You were on level 11 of the Dungeon.
You worshipped Trog.
Trog was extremely pleased with you.
You were not hungry.

You visited 2 branches of the dungeon, and saw 19 of its levels.

You collected 1714 gold pieces.
You spent 390 gold pieces at shops.

Inventory:

Hand Weapons
 r - a +7 vampiric demon blade (weapon)
 R - a +2 scimitar of venom
Missiles
 T - 8 steel javelins (quivered)
Armour
 p - a +0 buckler (worn)
 s - a +2 cloak of poison resistance (worn)
 E - a +0 pair of gloves (worn)
 I - a +1 helmet (worn)
 S - a +3 plate armour (worn)
Jewellery
 a - an uncursed ring of positive energy
 C - a ring of poison resistance (right hand)
 J - a ring of see invisible (left hand)
 M - an uncursed ring of sustain attributes {unknown}
 N - an uncursed ring of protection from fire {unknown}
Wands
 d - a wand of lightning (7/15)
 t - a wand of acid (4/15)
 x - a wand of lightning (3/15)
 y - a wand of paralysis (24/24)
 A - a wand of random effects (21/48)
 F - a wand of lightning (6/15)
 L - a wand of iceblast (8/15)
 U - a wand of digging (7/24)
Scrolls
 b - a scroll of teleportation
 e - 2 scrolls of magic mapping
 o - 6 scrolls of fog
 w - 3 scrolls of blinking
 D - a scroll of holy word
 H - 2 scrolls of remove curse
 O - a scroll of enchant armour
 X - 2 scrolls of recharging
Potions
 f - 4 potions of heal wounds
 g - 6 potions of might
 h - 5 potions of curing
 i - a potion of cure mutation
 l - 4 potions of brilliance
 n - 2 potions of resistance
 q - a potion of beneficial mutation
 z - a potion of haste
 B - a potion of invisibility {unknown}
 G - 2 potions of magic
 K - 2 potions of cancellation
 Q - 7 potions of lignification
 Y - a potion of ambrosia
Miscellaneous
 j - a disc of storms
 Z - a sack of spiders
Comestibles
 c - 6 bread rations
 k - 8 meat rations
 m - 9 fruits
 u - 6 beef jerkies
 v - 5 slices of pizza
 P - 4 royal jellies


   Skills:
 + Level 12.1 Fighting
 * Level 13.5 Long Blades
   Level 9.1 Axes
 + Level 6.6 Armour
 - Level 1.3 Dodging
 - Level 6.8 Shields
 - Level 6.2 Evocations


You had 13 spell levels left.
You didn't know any spells.

Dungeon Overview and Level Annotations

Branches:
Dungeon (11/15)            Temple (0/1) D:5            Lair (8/8) D:9
  Swamp (0/4) Lair:6        Snake (0/4) Lair:4        Slime (0/6) Lair:7
    Orc (0/2) D:11

Altars:
Cheibriados
Elyvilon
Kikubaaqudgha
Makhleb
Nemelex Xobeh
Sif Muna
Xom
Zin
The Shining One

Shops:
D:6 (   D:10 =

Portals:
Hell: Lair:8


Innate Abilities, Weirdness & Mutations

You have hooves in place of feet.
Armour fits poorly on your strangely shaped body.
You cover ground very quickly.
You have extremely tough skin (AC +3).
You are partially covered in yellow scales (AC +2).
Your flesh is cold resistant.
Your flesh is heat resistant.
You are resistant to electric shocks.
You expend magic power (3 MP) to strengthen your wands.


Message History

The hound is heavily wounded.
The hound barely misses you.
You slash the hound! Your kick misses the hound.
The hound is almost dead.
The hound bites you but does no damage. The jelly hits you.
You are splashed with acid!
The acid burns!
You slice the hound!!
You feel better.
You kill the hound!
Trog accepts your kill.
You hit the jelly. The acid corrodes you!
Your hands burn!
You kick the jelly, but do no damage.
The jelly is heavily wounded.
The jelly completely misses you.
You hit the jelly.
You feel better.
Your hands burn!
You kick the jelly.
The jelly is severely wounded.
The jelly hits you but does no damage.
You slash the jelly!
You kill the jelly!
Trog accepts your kill.
Are you sure you want to abandon this character and quit the game? (Confirm with "yes".)

#......#
#......#
#......#
#......#
#......#
#...../#
#..†...+
#>..@..#
####'### #..#
##.# #.#
#####'##
#......#
#......###
#........####


There were no monsters in sight!

Vanquished Creatures
  The ghost of nezrel the Bludgeoner, a journeyman MiBe of Trog (Lair:5)
  A dire elephant (Lair:8)
  A fire dragon (Lair:7)
  Fannar (D:10)
  5 hydras
  7 death yaks
  A sun demon (Lair:8)
  2 hill giants (D:10)
  2 griffons (Lair:6)
  A wizard (Lair:8)
  An oklob plant (Lair:2)
  A sixfirhy (Lair:8)
  7 elephants
  10 black mambas
  A smoke demon (Lair:8)
  3 torpor snails (Lair:3)
  2 orange demons (Lair:8)
  9 spiny frogs
  6 rime drakes
  6 ice devils (Lair:8)
  8 komodo dragons
  2 red devils (Lair:8)
  The ghost of Ordine the Thaumaturge, a novice DEWz (D:5)
  2 trolls
  2 polar bears (Lair:6)
  Grinder (D:6)
  25 blink frogs
  3 slime creatures (Lair:7)
  A boulder beetle (Lair:8)
  A spriggan (D:7)
  21 yaks
  2 basilisks
  Eustachio (D:6)
  5 hippogriffs
  3 steam dragons
  Menkaure (D:7)
  3 wargs (D:11)
  19 porcupines
  12 water moccasins
  2 hell hounds (D:9)
  4 ice beasts
  3 orc warriors
  2 sky beasts
  2 ogres
  2 phantoms
  5 wolves (Lair:2)
  5 centaurs
  2 black bears
  12 crocodiles
  15 giant frogs
  A gnoll sergeant (D:8)
  3 jellies
  9 killer bees
  The ghost of Arkorax the Shield-Bearer, a weakling FoFi (D:3)
  8 wights
  2 howler monkeys
  3 electric eels
  2 crimson imps
  6 giant frog zombies
  A centaur zombie (D:5)
  7 orc priests
  2 centaur skeletons (D:7)
  Crazy Yiuf (D:2)
  4 hounds
  4 orc wizards
  A giant frog skeleton (D:6)
  Jessica (D:3)
  9 iguanas
  10 worker ants
  18 sheep
  A hound zombie (D:7)
  17 gnolls
  20 adders
  56 river rats
  3 shadow imps
  An adder skeleton (D:8)
  4 worms
  3 dart slugs
  6 giant geckos
  22 orcs
  5 ball pythons
  5 giant cockroaches
  6 hobgoblins
  16 jackals
  7 kobolds
  7 quokkas
  14 bats
  3 giant newts
  5 goblins
  9 rats
  2 fungi
  A plant (Lair:7)
541 creatures vanquished.

Vanquished Creatures (collateral kills)
  3 death yaks (Lair:5)
  A blink frog (Lair:5)
  A jelly (Lair:7)
5 creatures vanquished.

Vanquished Creatures (others)
  A yak (D:11)
  A hound (D:11)
  2 worker ants (D:11)
  3 fungi
  3 plants
10 creatures vanquished.

Grand Total: 556 creatures vanquished

Notes
Turn   | Place    | Note
--------------------------------------------------------------
     0 | D:1      | Arkorax the Centaur Berserker began the quest for the Orb.
     0 | D:1      | Reached XP level 1. HP: 19/19 MP: 1/1
   380 | D:1      | Reached XP level 2. HP: 15/26 MP: 2/2
  1068 | D:2      | Reached XP level 3. HP: 31/31 MP: 3/3
  1329 | D:2      | Reached XP level 4. HP: 40/40 MP: 4/4
  1362 | D:2      | Reached ** piety under Trog
  1413 | D:2      | Found a shimmering altar of Xom.
  1413 | D:2      | Found a burning altar of Makhleb.
  2083 | D:2      | Noticed Crazy Yiuf
  2090 | D:2      | Killed Crazy Yiuf
  2090 | D:2      | Reached XP level 5. HP: 28/46 MP: 5/5
  2443 | D:3      | Noticed Arkorax's ghost (weakling FoFi)
  2455 | D:3      | Killed Arkorax's ghost
  2781 | D:3      | Reached XP level 6. HP: 34/53 MP: 6/6
  3066 | D:3      | Reached *** piety under Trog
  3213 | D:3      | Noticed Jessica
  3219 | D:3      | Killed Jessica
  3219 | D:3      | Reached skill level 5 in Fighting
  3219 | D:3      | Reached skill level 5 in Axes
  3427 | D:4      | Found a glowing golden altar of the Shining One.
  3509 | D:4      | Gained mutation: You are weak. (Str -2) [potion of mutation]
  3509 | D:4      | Gained mutation: You expend magic power (3 MP) to strengthen your wands. [potion of mutation]
  3509 | D:4      | Gained mutation: You are very weak. (Str -4) [potion of mutation]
  3510 | D:4      | Lost mutation: You are very weak. (Str -4) [potion of mutation]
  3510 | D:4      | Gained mutation: You are resistant to electric shocks. [potion of mutation]
  3511 | D:4      | Lost mutation: You are weak. (Str -2) [potion of mutation]
  3511 | D:4      | Gained mutation: Your flesh is heat resistant. [potion of mutation]
  3511 | D:4      | Gained mutation: You are partially covered in yellow scales (AC +2). [potion of mutation]
  3560 | D:4      | Found a glowing golden altar of the Shining One.
  3561 | D:4      | Found a white marble altar of Elyvilon.
  3578 | D:4      | Found a glowing silver altar of Zin.
  3631 | D:4      | Reached XP level 7. HP: 27/61 MP: 7/7
  4220 | D:5      | Entered Level 5 of the Dungeon
  4290 | D:5      | Noticed Ordine's ghost (novice DEWz)
  4297 | D:5      | Killed Ordine's ghost
  4599 | D:5      | Found a staircase to the Ecumenical Temple.
  4693 | D:5      | Reached XP level 8. HP: 70/71 MP: 8/8
  4862 | D:5      | Reached **** piety under Trog
  5078 | D:6      | Noticed Eustachio
  5127 | D:6      | Killed Eustachio
  5716 | D:6      | Reached XP level 9. HP: 81/81 MP: 9/9
  5920 | D:6      | Noticed Grinder
  5936 | D:6      | Paralysed by Grinder for 5 turns
  5979 | D:6      | Killed Grinder
  6092 | D:6      | Found Yfooc's Antique Weapon Shoppe.
  6586 | D:7      | Reached ***** piety under Trog
  6635 | D:7      | Found a glowing golden altar of the Shining One.
  6645 | D:7      | Noticed Menkaure
  6655 | D:7      | Killed Menkaure
  7617 | D:7      | Found a snail-covered altar of Cheibriados.
  7617 | D:7      | Found an ancient bone altar of Kikubaaqudgha.
  7785 | D:7      | Reached skill level 5 in Armour
  7813 | D:7      | Reached XP level 10. HP: 78/91 MP: 10/10
  8211 | D:6      | Bought a glowing demon blade for 390 gold pieces
  8237 | D:7      | Found a deep blue altar of Sif Muna.
  8523 | D:8      | Reached skill level 1 in Long Blades
  8673 | D:8      | Reached skill level 1 in Shields
  8837 | D:9      | Found a staircase to the Lair.
  8856 | D:9      | Reached skill level 2 in Long Blades
  9167 | D:9      | Reached skill level 3 in Long Blades
  9216 | D:9      | Got a faintly glowing ring mail
  9240 | D:9      | Identified the cursed +1 ring mail "Jacaoz" {rC+} (You took it off an orc priest on level 9 of the Dungeon)
  9458 | D:9      | Reached skill level 10 in Fighting
  9488 | D:9      | Reached skill level 4 in Long Blades
  9952 | Lair:1   | Entered Level 1 of the Lair of Beasts
 10532 | Lair:1   | Noticed a spiny frog
 10540 | Lair:1   | Killed a spiny frog
 10540 | Lair:1   | Received a gift from Trog
 10540 | Lair:1   | Reached skill level 5 in Long Blades
 10540 | Lair:1   | Reached XP level 11. HP: 98/100 MP: 11/11
 11625 | Lair:2   | Reached skill level 6 in Long Blades
 11829 | Lair:2   | Identified Uqeroeso's Grimoire of Lightness
 11879 | Lair:2   | Reached skill level 5 in Shields
 11997 | Lair:2   | Noticed an oklob plant
 12012 | Lair:2   | Killed an oklob plant
 12802 | Lair:3   | Found a snail-covered altar of Cheibriados.
 12853 | Lair:3   | Reached skill level 7 in Long Blades
 12981 | Lair:3   | Received a gift from Trog
 14007 | Lair:4   | Noticed a seven-headed hydra
 14019 | Lair:4   | Killed an eight-headed hydra
 14019 | Lair:4   | Reached XP level 12. HP: 110/110 MP: 12/12
 14342 | Lair:4   | Found a staircase to the Snake Pit.
 14363 | Lair:4   | Reached skill level 8 in Long Blades
 15202 | Lair:5   | Received a gift from Trog
 15249 | Lair:5   | Noticed a six-headed hydra
 15261 | Lair:5   | Killed an 11-headed hydra
 15261 | Lair:5   | Reached skill level 1 in Evocations
 15376 | Lair:5   | Noticed nezrel's ghost (journeyman MiBe)
 15400 | Lair:5   | Killed nezrel's ghost
 15400 | Lair:5   | Reached skill level 9 in Long Blades
 15482 | Lair:5   | Noticed a death yak
 15488 | Lair:5   | Noticed a death yak
 15488 | Lair:5   | Noticed a death yak
 15490 | Lair:5   | Noticed a death yak
 15505 | Lair:5   | Killed a death yak
 15507 | Lair:5   | Killed a death yak
 15508 | Lair:5   | Killed a death yak
 15512 | Lair:5   | Killed a death yak
 16013 | Lair:5   | Reached skill level 10 in Long Blades
 16091 | Lair:5   | Found a sparkling altar of Nemelex Xobeh.
 16348 | Lair:6   | Noticed a five-headed hydra
 16365 | Lair:6   | Killed a 13-headed hydra
 16513 | Lair:6   | Gained mutation: Your flesh is cold resistant. [potion of beneficial mutation]
 16544 | Lair:6   | Noticed a six-headed hydra
 16554 | Lair:6   | Killed an 11-headed hydra
 16556 | Lair:6   | Noticed a seven-headed hydra
 16565 | Lair:6   | Found a staircase to the Swamp.
 16572 | Lair:6   | Killed a 12-headed hydra
 16613 | Lair:6   | Reached XP level 13. HP: 114/116 MP: 16/16
 16639 | Lair:6   | Reached skill level 11 in Long Blades
 16679 | Lair:6   | Reached skill level 5 in Evocations
 16801 | Lair:6   | Received a gift from Trog
 17775 | Lair:7   | Found a staircase to the Slime Pits.
 17784 | Lair:7   | Reached skill level 12 in Long Blades
 17948 | Lair:7   | Noticed a fire dragon
 17959 | Lair:7   | Killed a fire dragon
 18362 | Lair:8   | Entered Level 8 of the Lair of Beasts
 18748 | Lair:8   | Noticed a dire elephant
 18770 | Lair:8   | Killed a dire elephant
 18993 | Lair:8   | Reached skill level 13 in Long Blades
 18993 | Lair:8   | Reached XP level 14. HP: 125/125 MP: 18/18
 19015 | Lair:8   | Found a burning altar of Makhleb.
 20292 | Lair:8   | Found a gateway to Hell.
 20391 | Lair:8   | Upgraded the game from 0.18.1-8-gdd0e5ea to 0.18.1-47-g9310371
 20391 | Lair:8   | Upgraded the game from 0.18.1-47-g9310371 to 0.18.1-48-g4cf74bf
 20572 | D:10     | Entered Level 10 of the Dungeon
 20894 | D:10     | Noticed Fannar
 20908 | D:10     | Killed Fannar
 21011 | D:10     | Found Xuokhlued's Jewellery Shop.
 21444 | D:11     | Found a shimmering altar of Xom.
 21518 | D:11     | Found a staircase to the Orcish Mines.
 21539 | D:11     | Quit the game

Skill      XL: |  1  2  3  4  5  6  7  8  9 10 11 12 13 14 |
---------------+-------------------------------------------+-----
Axes           | 3 4 5 6 7 9 |  9.1
Armour         | 2 3 4 5 6 |  6.6
Fighting       | 4 5 6 7 9 10 11 12 | 12.1
Long Blades    | 5 7 10 13 | 13.5
Shields        | 4 6 |  6.8
Evocations     | 4 6 |  6.2
Dodging        | |  1.3

Action                   |  1- 3 |  4- 6 |  7- 9 | 10-12 | 13-15 || total
-------------------------+-------+-------+-------+-------+-------++-------
Melee: Hand axe          |    64 |   211 |       |       |       ||   275
       Kick              |    15 |    48 |   103 |   244 |   179 ||   589
       Whip              |       |       |   387 |    23 |       ||   410
       War axe           |       |       |     6 |       |       ||     6
       Demon blade       |       |       |       |   839 |   608 ||  1447
Invok: Berserk           |     2 |     3 |     2 |    11 |     7 ||    25
       Trog's Hand       |       |     1 |     2 |    12 |     7 ||    22
       Burn Spellbooks   |       |       |     1 |     4 |     2 ||     7
       Brothers in Arms  |       |       |       |     1 |     3 ||     4
Evoke: Wand              |       |       |     1 |     3 |       ||     4
       Disc of storms    |       |       |       |    13 |    11 ||    24
  Use: Scroll            |       |     4 |       |    31 |     3 ||    38
       Potion            |       |     3 |       |     1 |     1 ||     5
 Stab: Paralysed         |       |       |     2 |       |       ||     2
  Eat: Chunk             |     1 |     7 |     5 |     6 |    16 ||    35
       Bread ration      |       |     1 |     2 |     9 |     1 ||    13
       Meat ration       |       |       |       |       |     1 ||     1
Armor: Ring mail         |    29 |   118 |   224 |   114 |       ||   485
       Leather armour    |       |       |    30 |    34 |       ||    64
       Plate armour      |       |       |       |   563 |   424 ||   987
Dodge: Dodged            |    20 |   114 |   213 |   313 |   134 ||   794
Block: Buckler           |       |       |       |   203 |   165 ||   368
